 Dungeon Crawl Stone Soup version 0.22.0-6-g71bd7aa (webtiles) character file.

28 letownia2 the Insei (level 3, 12/26 HPs)
             Began as a Demonspawn Transmuter on Aug 15, 2018.
             Quit the game on level 3 of the Dungeon.
             The game lasted 00:03:00 (433 turns).

letownia2 the Insei (Demonspawn Transmuter)          Turns: 433, Time: 00:03:01

Health: 12/26      AC:  2    Str: 11    XL:     3   Next: 0%
Magic:  4/6        EV: 12    Int: 14    God:
Gold:   62         SH:  0    Dex: 13    Spells: 3/6 levels left

rFire    . . .     SeeInvis .     - Unarmed
rCold    . . .     Gourm    .   (no shield)
rNeg     . . .     Faith    .   b - +0 robe
rPois    .         Spirit   .   (no helmet)
rElec    .         Reflect  .   (no cloak)
rCorr    .         Harm     .   (no gloves)
MR       .....                  (no boots)
Stlth    +.........             (no amulet)
HPRegen  0.08/turn              (no ring)
MPRegen  0.10/turn              (no ring)

@: appendage (expiring)
A: claws 1, horns 2, talons 1
a: End Transformation


You were on level 3 of the Dungeon.
You were not hungry.
You had grown temporary horns.
You visited 1 branch of the dungeon, and saw 4 of its levels.

You collected 62 gold pieces.

Inventory:

Missiles
 a - 12 arrows
Armour
 b - a +0 robe (worn)
Scrolls
 c - a scroll of enchant weapon {unknown}
 e - 3 scrolls of identify {unknown}
 g - 2 scrolls of enchant armour {unknown}
Potions
 f - a potion of lignification {unknown}
 h - a potion of might {unknown}
 i - a potion of invisibility {unknown}
Comestibles
 d - 3 rations


   Skills:
 - Level 1.0 Fighting
 - Level 1.7 Dodging
 + Level 3.8 Unarmed Combat
 - Level 2.0 Spellcasting
 - Level 1.7 Transmutations


You had 3 spell levels left.
You knew the following spells:

 Your Spells              Type           Power        Failure   Level  Hunger
a - Beastly Appendage     Tmut           #.....       12%         1    ##.....
l - Sticks to Snakes      Tmut           #.......     17%         2    ###....

Your spell library contained the following spells:

 Spells                   Type           Power        Failure   Level  Hunger
 Spider Form              Tmut/Pois      #.........   45%         3    ####...
 Blade Hands              Tmut           #.........   97%         5    ######.
 Ice Form                 Ice/Tmut       #.......     86%         4    #####..


Dungeon Overview and Level Annotations

Branches:
Dungeon (4/15)
 Temple: D:4-7

Altars:


Innate Abilities, Weirdness & Mutations

You have sharp fingernails.
You have sharp toenails.
You have a pair of horns on your head.


Message History

Found a glowing war axe.
There is an open door here.
You see here a glowing war axe.
A bat comes into view.
The bat hits you but does no damage.
Casting: Beastly Appendage (safe; 12% risk of failure)
Confirm with . or Enter, or press ? or * to list all spells.
You grow a pair of large bovine horns.
Your transformation is almost over.
The bat hits you. The bat barely misses you.
You hit the bat.
You kill the bat!
You have reached level 3!
Your experience leads to an increase in your attributes!
Increase (S)trength, (I)ntelligence, or (D)exterity?
You feel stronger.
Your demonic ancestry asserts itself...
Your fingernails lengthen.
Unknown command.
Unknown command.
Are you sure you want to abandon this character and quit the game? (Confirm with "yes".)

####.......#
.........### ########.#
##'## ## ##.).## .
##.....## .# #
#.......######.###
####.........##......###
...+............@.......
####.........##.#....###
# ##.......###.##...#
##......# #.. ...#
##...#.# #.## ..#
#...... #.# ..# #..##..
... .# #. #.. .#


There were no monsters in sight!

Vanquished Creatures
  An ooze (D:2)
  A leopard gecko (D:3)
  A ball python (D:1)
  3 giant cockroaches (D:1)
  A goblin (D:2)
  2 hobgoblins
  A quokka (D:2)
  8 bats
  A frilled lizard (D:3)
  3 rats (D:1)
22 creatures vanquished.

Notes
Turn   | Place    | Note
-------+----------+-------------------------------------------
     0 | D:1      | letownia2 the Demonspawn Transmuter began the quest for the Orb.
     0 | D:1      | Reached XP level 1. HP: 15/15 MP: 3/3
   106 | D:2      | Reached skill level 3 in Unarmed Combat
   187 | D:2      | Gained mutation: You have sharp toenails. [demonic ancestry]
   187 | D:2      | Reached XP level 2. HP: 8/21 MP: 3/5
   375 | D:3      | Learned a level 2 spell: Sticks to Snakes
   429 | D:3      | Gained mutation: You have sharp fingernails. [demonic ancestry]
   429 | D:3      | Reached XP level 3. HP: 11/26 MP: 4/6
   433 | D:3      | Quit the game

Skill      XL: |  1 |
---------------+----+-----
Unarmed Combat | 3 |  3.8
Fighting       | |  1.0
Dodging        | |  1.7
Spellcasting   | |  2.0
Transmutations | |  1.7

Action                   || total
-------------------------++-------
Melee: Unarmed           ||    58
       Kick              ||     7
       Headbutt          ||     5
 Cast: Beastly Appendage ||    11
 Stab: Sleeping          ||     1
Armor: Robe              ||    10
Dodge: Dodged            ||    35
